Selects Special Operations Battlegroup
Selects M29 Weasel Recon Vehicle
Mechanized Support Center
Construct Medical Station
Designate Forward Repair Station
Selects SSF Commando Squad
Selects P-47 Anti-Infantry Loiter
P-47 Anti-Infantry Loiter
P-47 Anti-Infantry Loiter
Selects Air Re-supply Operation
Construct Weapon Support Center
Improved M9 Bazooka Rockets
Selects M4A1 Sherman Whizbang
M4A1(76) Sherman Medium Tank